 Dungeon Crawl Stone Soup version 0.27.1-1-g398f81649c (webtiles) character file.

Game seed: 15022005738648095623

3092 zdrol the Basher (level 9, -6/75 HPs)
             Began as a Minotaur Fighter on Sept 7, 2021.
             Mangled by a two-headed ogre (22 damage)
             ... on level 8 of the Dungeon on Sept 8, 2021.
             The game lasted 00:35:16 (7687 turns).

zdrol the Basher (Minotaur Fighter)                 Turns: 7687, Time: 00:35:16

Health: -6/75      AC: 13    Str: 24    XL:     9   Next: 59%
Magic:  8/8        EV:  8    Int:  5    God:
Gold:   1003       SH: 16    Dex: 10    Spells: 8/8 levels left

rFire    x . .     SeeInvis .   F - +3 long sword (freeze)
rCold    + . .     Faith    .   c - +0 kite shield
rNeg     . . .     Spirit   .   z - +0 chain mail
rPois    .         Reflect  +   e - +1 hat
rElec    .         Harm     .   k - +0 cloak
rCorr    .         Rampage  .   (no gloves)
Will     .....                  (no boots)
Stlth    ..........             n - amulet of reflection
HPRegen  0.22/turn              p - ring of ice
MPRegen  0.11/turn              (no ring)

@: no status effects
A: horns 2, retaliatory headbutt
a: no special abilities


You were on level 8 of the Dungeon.
You visited 1 branch of the dungeon, and saw 8 of its levels.

You collected 1003 gold pieces.

Inventory:

Hand Weapons
 a - a +0 flail of venom
 g - a +0 antimagic spear
 F - a +3 long sword of freezing (weapon)
Missiles
 o - 116 poisoned darts (quivered)
 s - 8 boomerangs
Armour
 c - a +0 kite shield (worn)
 e - a +1 hat (worn)
 k - a +0 cloak (worn)
 z - a +0 chain mail (worn)
Jewellery
 n - an amulet of reflection (around neck)
 p - a ring of ice (left hand)
 B - a ring of wizardry
Wands
 f - a wand of acid (8)
 w - a wand of flame (21)
 x - a wand of paralysis (20)
 y - a wand of mindburst (15)
Scrolls
 m - a scroll of fear
 t - a scroll of fog
 u - a scroll of amnesia
 C - a scroll of torment
Potions
 d - a potion of might
 h - 2 potions of flight {unknown}
 i - 2 potions of curing
 j - 2 potions of attraction {unknown}
 l - 2 potions of mutation {unknown}
 q - a potion of lignification {unknown}
 r - a potion of heal wounds {unknown}
 v - a potion of resistance {unknown}
 A - a potion of ambrosia {unknown}
 D - a potion of magic {unknown}
 E - a potion of haste {unknown}


   Skills:
 - Level 6.1 Fighting
 - Level 9.4 Maces & Flails
 - Level 2.5 Throwing
 - Level 7.7 Armour
 - Level 4.0 Dodging
 - Level 0.8 Stealth
 - Level 9.1 Shields


You had 8 spell levels left.
You didn't know any spells.
Your spell library contained the following spells:

 Spells                   Type           Power      Damage    Failure   Level
 Slow                     Hex            0%         N/A       100%        2
 Confusing Touch          Hex            0%         N/A       100%        3
 Gell's Gravitas          Tloc           0%         N/A       100%        3
 Lesser Beckoning         Tloc           0%         N/A       100%        3
 Teleport Other           Tloc           0%         N/A       100%        3
 Vampiric Draining        Necr           0%         2d6       100%        3
 Summon Forest            Summ/Tloc      0%         N/A       100%        5
 Eringya's Noxious Bog    Tmut/Pois      0%         N/A       100%        6
 Summon Hydra             Summ           0%         N/A       100%        7


Dungeon Overview and Level Annotations

Branches:
Dungeon (8/15)             Temple (0/1) D:7
   Lair: D:8-11

Altars:
Dithmenos
Hepliaklqana
Nemelex Xobeh
Uskayaw

Shops:
D:1 *   D:4 (


Innate Abilities, Weirdness & Mutations

You have a pair of horns on your head.
You reflexively headbutt those who attack you in melee.


Message History

You open the door.
A two-headed ogre comes into view.
It is wielding a +0 giant club and a +0 giant spiked club.
The two-headed ogre shouts in stereo!
There is an open door here.
You block the two-headed ogre's attack. x2
You slash the two-headed ogre! You freeze the two-headed ogre.
You headbutt the two-headed ogre.
The two-headed ogre is moderately wounded.
The two-headed ogre hits you with a +0 giant club!
The two-headed ogre barely misses you.
You hit the two-headed ogre. You freeze the two-headed ogre.
The two-headed ogre is moderately wounded.
The two-headed ogre hits you but does no damage.
The two-headed ogre hits you with a +0 giant spiked club.
You hit the two-headed ogre but do no damage.
You headbutt the two-headed ogre.
The two-headed ogre is moderately wounded.
You block the two-headed ogre's attack.
The two-headed ogre hits you but does no damage.
The two-headed ogre hits you with a +0 giant club!
The two-headed ogre hits you but does no damage.
You slash the two-headed ogre! You freeze the two-headed ogre.
Your headbutt misses the two-headed ogre.
The two-headed ogre is severely wounded.
The two-headed ogre hits you with a +0 giant club!
The two-headed ogre hits you with a +0 giant spiked club!
* * * LOW HITPOINT WARNING * * *
You slash the two-headed ogre! You freeze the two-headed ogre.
The two-headed ogre is almost dead.
You block the two-headed ogre's attack.
The two-headed ogre hits you with a +0 giant spiked club.
* * * LOW HITPOINT WARNING * * *
You closely miss the two-headed ogre.
The two-headed ogre is almost dead.
The two-headed ogre closely misses you. You block the two-headed ogre's attack.
You hit the two-headed ogre. You freeze the two-headed ogre.
The two-headed ogre is almost dead.
You block the two-headed ogre's attack.
The two-headed ogre hits you with a +0 giant spiked club!!
You die...

###.# #
#...#.#
#.###.# #.#
..# #.# #.#
#.# ..# #.#
#.# #.# #O#
###.# #@#
#...# #.#
##.#####'##
#.........#
#######...#
#...# #####


You could see a two-headed ogre.

Vanquished Creatures
  Pikel (D:6)
  Menkaure (D:6)
  An ice beast (D:7)
  A black bear (D:6)
  An orc warrior (D:8)
  A necrophage (D:3)
  An ogre (D:5)
  6 centaurs (D:7)
  Blork the orc (D:6)
  2 kobold brigands (D:6)
  A bullfrog (D:7)
  A scorpion (D:5)
  5 wights (D:8)
  5 killer bees (D:7)
  A howler monkey (D:5)
  A bullfrog zombie (D:5)
  3 hounds
  A jelly (D:6)
  3 centaur zombies
  A centaur skeleton (D:6)
  A bullfrog skeleton (D:6)
  A gnoll shaman (D:5)
  A hound zombie (D:5)
  A hound skeleton (D:5)
  6 gnolls
  5 adders
  A shadow imp (D:6)
  A white imp (D:5)
  An ufetubus (D:5)
  An adder skeleton (D:2)
  2 worms (D:2)
  4 dart slugs
  17 orcs
  6 ball pythons
  8 bats
  6 endoplasms
  9 giant cockroaches
  6 goblins
  6 hobgoblins
  6 jackals
  A quokka (D:5)
  A frilled lizard (D:1)
  12 kobolds
  5 rats
146 creatures vanquished.

Vanquished Creatures (others)
  An orc (D:8)
1 creature vanquished.

Grand Total: 147 creatures vanquished

Notes
Turn   | Place    | Note
-------+----------+-------------------------------------------
     0 | D:1      | zdrol the Minotaur Fighter began the quest for the Orb.
     0 | D:1      | Reached XP level 1. HP: 19/19 MP: 0/0
   152 | D:1      | Reached XP level 2. HP: 25/27 MP: 1/1
   161 | D:1      | Found Vabbej's Assorted Antiques.
   530 | D:1      | Reached XP level 3. HP: 33/33 MP: 2/2
   629 | D:2      | Found a faded altar of an unknown god.
   971 | D:2      | Reached XP level 4. HP: 21/40 MP: 3/3
  1749 | D:3      | Noticed a necrophage
  1758 | D:3      | Killed a necrophage
  1759 | D:3      | Reached XP level 5. HP: 38/46 MP: 4/4
  1895 | D:3      | Reached skill level 5 in Maces & Flails
  1896 | D:3      | Reached skill level 1 in Dodging
  2349 | D:4      | Found Vanoxyag's Antique Weapon Emporium.
  2860 | D:5      | Entered Level 5 of the Dungeon
  3697 | D:5      | Reached XP level 6. HP: 49/53 MP: 5/5
  3944 | D:5      | Found a hide-covered altar of Uskayaw.
  3947 | D:5      | Found a sparkling altar of Nemelex Xobeh.
  4096 | D:5      | Found a hazy altar of Hepliaklqana.
  4145 | D:6      | Noticed Blork the orc
  4149 | D:6      | Killed Blork the orc
  4150 | D:6      | Reached skill level 5 in Armour
  4150 | D:6      | Reached skill level 5 in Shields
  4535 | D:5      | Reached XP level 7. HP: 60/60 MP: 6/6
  5058 | D:6      | Noticed Pikel
  5073 | D:6      | Killed Pikel
  5074 | D:6      | Reached skill level 5 in Fighting
  5074 | D:6      | Reached XP level 8. HP: 58/68 MP: 7/7
  5076 | D:6      | Noticed Menkaure
  5085 | D:6      | Killed Menkaure
  5548 | D:6      | Reached skill level 1 in Throwing
  5591 | D:7      | Reached XP level 9. HP: 71/75 MP: 8/8
  5605 | D:7      | Found a shadowy altar of Dithmenos.
  5794 | D:7      | Identified a scroll of acquirement
  5818 | D:7      | Acquired 760 gold pieces
  6572 | D:7      | Found a staircase to the Ecumenical Temple.
  7677 | D:8      | Noticed a two-headed ogre
  7687 | D:8      | Mangled by a two-headed ogre

Illustrated notes

Levels and vault maps discovered:
D:1:      sevenhm_arrival_forest_fort_small_6, layout_rooms, serial_shops,
          nicolae_diamond_shop, minmay_splitting_lines,
          amcnicky_mini_rare_corridor_liquid, minmay_misc_feat_rugged
D:2:      layout_basic, ebering_ecumenical_altar_webs, glass_columns_c
D:3:      layout_basic, minmay_between
D:4:      layout_basic, serial_shops, shop
D:5:      layout_loops_corners, nicolae_overflow_hidden_temple, grunt_tough_drop
D:6:      layout_loops_cross, minitemple, uniq_duvessa, uniq_menkaure,
          uniq_sigmund, uniq_blork_the_orc, uniq_pikel
D:7:      layout_basic, mainiacjoe_overflow_six_doors_small,
          minmay_temple_entry_grid, centaur_isle
D:8:      layout_basic, dk_noncrumbling_3, serial_bayou_ford_a,
          nrook_mini_vaults, minmay_mini_ossuary, uniq_erica

Skill      XL: |  1  2  3  4  5  6  7  8  9 |
---------------+----------------------------+-----
Armour         | 4 5 6 7 |  7.7
Shields        | 4 5 7 8 9 |  9.1
Maces & Flails | 3 4 5 6 8 9 |  9.4
Fighting       | 4 5 6 |  6.1
Dodging        | 1 2 3 4 |  4.0
Throwing       | 1 2 |  2.5
Stealth        | |  0.8

Action                   |  1- 3 |  4- 6 |  7- 9 || total
-------------------------+-------+-------+-------++-------
Melee: Flail             |    81 |   148 |   174 ||   403
       Headbutt          |    14 |    23 |    31 ||    68
       Long sword        |       |       |     7 ||     7
Throw: Dart              |       |     2 |    25 ||    27
  Use: Scroll            |     3 |     5 |     6 ||    14
       Potion            |       |       |     2 ||     2
Armor: Scale mail        |    40 |    54 |    39 ||   133
       Chain mail        |       |       |    28 ||    28
Dodge: Dodged            |    31 |    53 |    57 ||   141
Block: Kite shield       |    59 |   102 |   229 ||   390
       Reflection        |       |     2 |    20 ||    22
